 Dungeon Crawl Stone Soup version 0.32-a0-814-g0968bab981 (webtiles) character file.

Game seed: 5242261568397888850

1191 shadizar the Thaumaturge (level 8, 0/52 HPs)
             Began as a Djinni Earth Elementalist on Mar 22, 2024.
             Slain by an ice beast (2 damage)
             ... on level 6 of the Dungeon.
             The game lasted 00:08:29 (4332 turns).

shadizar the Thaumaturge (DjEE)                     Turns: 4332, Time: 00:08:29

Health: 0/52       AC:  3    Str:  7    XL:     8   Next: 71%
Gold:   390        EV: 11    Int: 20    God:
                   SH:  0    Dex: 13

rFire   + + .        n - staff of air
rCold   x . .        (no shield)
rNeg    . . .        B - +1 robe {Will+}
rPois   ∞            (no helmet)
rElec   +            (no cloak)
rCorr   .            (no gloves)
SInv    .            (boots unavailable)
Will    +....        (no amulet)
Stlth   ++           (no ring)
HPRegen 0.28/turn    (no ring)
MPRegen 0.00/turn

%: infuse magic (-1 HP)
@: flying
A: sickness immunity, fire resistance 2, cold vulnerability 1, float, innate
caster, HP casting, extra vitality 1
a: no special abilities


You were on level 6 of the Dungeon.
You visited 1 branch of the dungeon, and saw 6 of its levels.
You also visited: Ossuary.

You collected 390 gold pieces.

Inventory:

Missiles
 w - a throwing net
Armour
 a - a +0 robe
 B - a +1 robe of willpower (worn)
Magical Staves
 n - a staff of air (weapon)
Wands
 k - a wand of roots (12)
 A - a wand of paralysis (6)
 D - a wand of flame (21)
Scrolls
 c - 3 scrolls of blinking {unknown}
 d - a scroll of vulnerability {unknown}
 f - 6 scrolls of identify {unknown}
 g - 4 scrolls of enchant weapon {unknown}
 h - a scroll of enchant armour {unknown}
 j - 3 scrolls of teleportation {unknown}
 m - a scroll of immolation {unknown}
 p - 2 scrolls of poison {unknown}
 v - a scroll of amnesia {unknown}
 x - a scroll of fear {unknown}
 y - a scroll of brand weapon {unknown}
Potions
 b - a potion of curing {unknown}
 e - a potion of lignification {unknown}
 i - a potion of degeneration {unknown}
 l - a potion of brilliance {unknown}
 o - 2 potions of attraction {unknown}
 q - 2 potions of resistance {unknown}
 r - a potion of haste {unknown}
 s - 4 potions of invisibility {unknown}
 t - a potion of might {unknown}
 u - a potion of cancellation {unknown}
 z - a potion of mutation {unknown}
 C - a potion of magic {unknown}


   Skills:
 + Level 1.2 Fighting
 - Level 2.1 Dodging
 - Level 1.5 Stealth
 * Level 8.2 Spellcasting
 * Level 8.2 Conjurations
 * Level 8.2 Hexes
   Level 0.0 Charms
 * Level 8.2 Summonings
 * Level 8.2 Necromancy
 * Level 8.2 Translocations
   Level 0.0 Transmutations
 * Level 8.2 Fire Magic
 * Level 8.2 Ice Magic
 * Level 8.2 Air Magic
 * Level 8.2 Earth Magic
 * Level 8.2 Alchemy


You knew the following spells:

 Your Spells              Type           Power      Damage    Failure   Level
a - Sandblast             Erth           82%        2d17      1%          1
b - Passwall              Erth           41%        N/A       1%          3
c - Stone Arrow           Conj/Erth      82%        3d12      1%          3
d - Petrify               Alch/Erth      41%        N/A       2%          4
e - Brom's Barrelling Bo  Conj/Erth      41%        2d6       2%          4
f - Foxfire               Conj/Fire      100%       2x1d9     1%          1
g - Scorch                Fire           82%        2d8       1%          2
h - Ensorcelled Hibernat  Hex/Ice        82%        N/A       1%          2
Your spell library was empty.

Dungeon Overview and Level Annotations

Branches:
Dungeon (6/15)            Ossuary (visited)
 Temple: D:4-7

Altars:
Ashenzari
Dithmenos
Fedhas
Trog

Shops:
D:2 [

Annotations:
D:4 3 runed translucent doors, Herkes's ghost, amateur MiFi


Innate Abilities, Weirdness & Mutations

You are immune to sickness and miasma.
You are immune to poison.
Your flesh is very heat resistant. (rF++)
You are vulnerable to cold. (rC-)
You float through the air rather than walking.
You learn spells naturally, not from books.
Your magical power is your life essence.
You have superior vitality. (+4 MHP)


Message History

The sleepcap misses you.
The blast of sand hits the sleepcap!
You destroy the sleepcap!
You can't see any susceptible monsters within range! (Use Z to cast anyway.) HP restored.
s - 4 silvery potions (gained 1)
Found an escape hatch in the floor.
Found 6 poisoned darts.
You now have 390 gold pieces (gained 14).
You can't see any susceptible monsters within range! (Use Z to cast anyway.)
You reach down and open the door.
You reach down and open the door.
Found a glaive.
You can't see any susceptible monsters within range! (Use Z to cast anyway.)
There is an open door here.
You see here a +0 glaive.
As you open the door, it creaks loudly!
You can't see any susceptible monsters within range! (Use Z to cast anyway.)
There is an open door here.
An ice beast comes into view.
The blast of sand misses the ice beast.
The blast of sand hits the ice beast!
The ice beast is moderately wounded.
The ice beast closely misses you. The ice beast hits you.
The ice beast freezes you!!
You feel a terrible chill!
Casting: Sandblast (safe; 1% risk of failure)
Confirm with . or Enter, or press ? or * to list all spells.
Flames lash the ice beast.
The ice beast melts!
The ice beast is heavily wounded.
The ice beast's fire resistance burns away.
The ice beast hits you. The ice beast freezes you!!
You feel a terrible chill!
* * * LOW HITPOINT WARNING * * *
Unknown command.
Casting: Scorch (safe; 1% risk of failure)
Confirm with . or Enter, or press ? or * to list all spells.
Flames lash the ice beast.
The ice beast melts!
The ice beast is almost dead.
* * * LOW HITPOINT WARNING * * *
The ice beast hits you.
You die...

...
#....'......#
..
#....#......#
.
.###+##......#
........##'###
#.......#....#
#.......#.)..#
#.......#....#
#....(..'....#
#......@#....#
#......Y###.##
#####.... ###
#..... #.....#
#.....#
#.....#
#.....#


You could see an ice beast (combustible).

Vanquished Creatures
  An ogre (D:5)
  A centaur (D:5)
  A phantom (D:5)
  An elf zombie (Ossuary)
  3 scorpions
  A howler monkey (D:5)
  2 bombardier beetles (D:4)
  2 sleepcaps
  4 orc wizards
  Ijyb (D:3)
  2 iguanas (D:5)
  4 scorpion zombies (Ossuary)
  3 mummies (Ossuary)
  8 gnolls
  5 adders
  A river rat (D:4)
  A white imp (D:5)
  An adder zombie (Ossuary)
  A dart slug (D:4)
  3 ribbon worms
  9 orcs
  5 ball pythons
  5 endoplasms
  3 giant cockroaches
  6 gnoll zombies (Ossuary)
  4 hobgoblins
  2 jackals (D:2)
  A quokka (D:4)
  2 bats
  A frilled lizard (D:3)
  8 goblins (D:3)
  3 jackal zombies (Ossuary)
  2 kobolds
  2 kobold zombies (Ossuary)
  5 rats
104 creatures vanquished.

Vanquished Creatures (others)
  An arcanist (D:4)
  27 foxfires
28 creatures vanquished.

Grand Total: 132 creatures vanquished

Notes
Turn   | Place    | Note
-------+----------+-------------------------------------------
     0 | D:1      | shadizar the Djinni Earth Elementalist began the quest for
                  | the Orb.
     0 | D:1      | shadizar set off with the following spells memorised:
                  | Sandblast, Passwall, Stone Arrow, Petrify, Brom's
                  | Barrelling Boulder.
     0 | D:1      | Reached XP level 1. HP: 15/15 MP: 0/0
   835 | D:2      | Reached XP level 2. HP: 20/21 MP: 0/0
   966 | D:2      | Found a shadowy altar of Dithmenos.
   975 | D:2      | Reached XP level 3. HP: 16/25 MP: 0/0
   975 | D:2      | Learned a level 1 spell: Foxfire
  1091 | D:2      | Found Ufrebuf's Antique Armour Emporium.
  1261 | D:3      | Reached XP level 4. HP: 7/31 MP: 0/0
  1426 | D:3      | Noticed Ijyb
  1444 | D:3      | Killed Ijyb
  1555 | D:3      | Reached XP level 5. HP: 34/35 MP: 0/0
  1555 | D:3      | Learned a level 2 spell: Scorch
  1829 | D:3      | Found a faded altar of an unknown god.
  1834 | D:3      | Found a broken altar of Ashenzari.
  2053 | D:4      | Found a runed translucent gate.
  2053 | D:4      | Found a runed translucent gate.
  2053 | D:4      | Found a runed translucent gate.
  2056 | D:4      | Noticed Herkes's ghost (amateur MiFi)
  2094 | D:4      | Reached skill level 5 in Spellcasting
  2094 | D:4      | Reached skill level 5 in Conjurations
  2094 | D:4      | Reached skill level 5 in Hexes
  2094 | D:4      | Reached skill level 5 in Summonings
  2094 | D:4      | Reached skill level 5 in Necromancy
  2094 | D:4      | Reached skill level 5 in Translocations
  2094 | D:4      | Reached skill level 5 in Fire Magic
  2094 | D:4      | Reached skill level 5 in Ice Magic
  2094 | D:4      | Reached skill level 5 in Air Magic
  2094 | D:4      | Reached skill level 5 in Earth Magic
  2094 | D:4      | Reached skill level 5 in Alchemy
  2157 | D:4      | Found a bloodstained altar of Trog.
  2158 | D:4      | Noticed a wizard
  2163 | D:4      | Killed a wizard
  2248 | D:4      | Reached XP level 6. HP: 30/40 MP: 0/0
  2316 | D:4      | Found a sand-covered staircase.
  2326 | Ossuary  | Entered an ossuary
  2425 | Ossuary  | Reached XP level 7. HP: 19/45 MP: 0/0
  2425 | Ossuary  | Learned a level 2 spell: Ensorcelled Hibernation
  2982 | D:5      | Entered Level 5 of the Dungeon
  2989 | D:4      | Reached XP level 8. HP: 45/50 MP: 0/0
  3327 | D:5      | Found a blossoming altar of Fedhas.
  3929 | D:5      | Reached skill level 1 in Fighting
  4332 | D:6      | Slain by an ice beast

Illustrated notes

Levels and vault maps discovered:
D:1:      minmay_arrival_open_corners, layout_loops_corners
D:2:      layout_rooms, basic_altar, serial_shops, nicolae_shop_statue_plus
D:3:      kennysheep_the_goblin_king, layout_basic,
          nicolae_overflow_ecumenical_swirl, serial_glass, glass_columns_a,
          glass_columns_a, glass_columns_c, glass_columns_c, glass_columns_a,
          glass_columns_a, glass_columns_a, glass_columns_c, glass_columns_b,
          glass_columns_a, glass_columns_b, glass_columns_c, glass_columns_b,
          glass_columns_c, minmay_strange_pillars, feat_on_display,
          minmay_misc_feat_encased, uniq_natasha
D:4:      layout_rooms, general_overflow_altar, trog_wizard,
          nicolae_ossuary_entry_ruins, ebering_ghost_rock_garden, serial_rivers,
          chequers_serial_rivers_small_a, chequers_serial_rivers_room_a,
          chequers_serial_rivers_micro_a, chequers_serial_rivers_micro_a,
          chequers_serial_rivers_micro_b, chequers_serial_rivers_micro_e,
          portal_sewer_entry_c, uniq_ijyb
D:5:      layout_gridville, fedhas_bush_and_centaur_altar, minivault_25
D:6:      layout_gridville, minmay_circle_x

Skill      XL: |  1  2  3  4  5  6  7  8 |
---------------+-------------------------+-----
Spellcasting   | 4 5 6 7 8 |  8.2
Conjurations   | 4 5 6 7 8 |  8.2
Hexes          | 4 5 6 7 8 |  8.2
Summonings     | 4 5 6 7 8 |  8.2
Necromancy     | 4 5 6 7 8 |  8.2
Translocations | 4 5 6 7 8 |  8.2
Fire Magic     | 4 5 6 7 8 |  8.2
Ice Magic      | 4 5 6 7 8 |  8.2
Air Magic      | 4 5 6 7 8 |  8.2
Earth Magic    | 4 5 6 7 8 |  8.2
Alchemy        | 4 5 6 7 8 |  8.2
Fighting       | 1 |  1.2
Dodging        | |  2.1
Stealth        | |  1.5

Action                     |  1- 3 |  4- 6 |  7- 9 || total
---------------------------+-------+-------+-------++-------
  Melee: Staff             |       |     1 |       ||     1
   Cast: Sandblast         |    27 |    73 |    69 ||   169
         Foxfire           |       |    12 |     4 ||    16
         Scorch            |       |     3 |     6 ||     9
         Ensorcelled Hiber |       |       |     1 ||     1
         Brom's Barrelling |       |       |     1 ||     1
    Use: Potion            |       |     1 |     1 ||     2
   Stab: Sleeping          |       |     1 |       ||     1
 Armour: Robe              |     3 |    23 |    44 ||    70
  Dodge: Dodged            |     2 |    23 |    30 ||    55

Table legend: (Time is in decaauts)
 A = Elapsed time spent in this place.
 B = Non-inter-level travel time spent in this place.
 C = Inter-level travel time spent in this place.
 D = Time resting spent in this place.
 E = Time spent auto-exploring this place.
 F = Levels seen in this place.
 G = Mean time per level.
                   A        B        C        D        E       F      G
               +--------+--------+--------+--------+--------+-----+--------+
         Total |   4417 |   4302 |    115 |      0 |   3128 |   7 |  631.0 |
       Dungeon |   4116 |   4001 |    115 |      0 |   3128 |   6 |  686.0 |
       Ossuary |    300 |    300 |      0 |      0 |      0 |   1 |  300.0 |
               +--------+--------+--------+--------+--------+-----+--------+

Top non-repeatable levels by time:
     D:5: 1048 daAuts
     D:4: 950 daAuts
     D:1: 810 daAuts
     D:3: 732 daAuts
     D:2: 492 daAuts
 Ossuary: 300 daAuts
     D:6: 82 daAuts
